 Dungeon Crawl Stone Soup version 0.23-a0-584-g44dd78f (webtiles) character file.

2933 Leeroy the Magician (level 9, -8/71 HPs)
             Began as a Gnoll Skald on Dec 17, 2018.
             Was an Initiate of Vehumet.
             Mangled by an orc warrior
             ... wielding a +0 halberd
              (22 damage)
             ... on level 8 of the Dungeon.
             The game lasted 00:36:19 (7081 turns).

Leeroy the Magician (Gnoll Skald)                   Turns: 7081, Time: 00:36:20

Health: -8/71      AC:  7    Str: 11 (13) XL:     9   Next: 80%
Magic:  3/19       EV: 15    Int: 15 (18) God:    Vehumet [......]
Gold:   404        SH:  0    Dex: 21 (22) Spells: 6/21 levels left

rFire    . . .     SeeInvis .   l - +1 falchion (flame)
rCold    + . .     Gourm    .   (no shield)
rNeg     . . .     Faith    .   F - +0 ring mail
rPois    .         Spirit   .   (no helmet)
rElec    .         Reflect  .   B - +0 cloak
rCorr    .         Harm     .   (no gloves)
MR       .....                  (no boots)
Stlth    ++........             (no amulet)
HPRegen  1.21/turn              e - +6 ring of dexterity
MPRegen  0.16/turn              S - ring of protection from cold

@: very slightly contaminated, regenerating
A: distributed training, fangs 1, strong nose
a: Renounce Religion


You were on level 8 of the Dungeon.
You worshipped Vehumet.
Vehumet was noncommittal.
You were hungry.

You visited 2 branches of the dungeon, and saw 9 of its levels.
You also visited: Sewer.

You collected 404 gold pieces.

Inventory:

Hand Weapons
 a - a +0 falchion
 f - a +0 shortbow
 k - a +0 short sword
 l - a +1 falchion of flaming (weapon)
 s - a +1 dagger of freezing
 L - a +0 rapier
 O - a +2 hand axe of freezing
 U - a -2 spear
 X - a +0 mace
 Y - a +2 quarterstaff of chaos
Missiles
 h - 84 sling bullets
 i - 236 stones
 q - 5 tomahawks (quivered)
 t - 5 javelins
 G - 144 arrows
 R - 8 poisoned needles
Armour
 b - a +0 leather armour
 u - a +0 shield
 B - a +0 cloak (worn)
 F - a +0 ring mail (worn)
 Q - a +0 robe
 V - a +0 scale mail
Jewellery
 e - a +6 ring of dexterity (left hand)
 J - an uncursed amulet of the acrobat
 S - a ring of protection from cold (right hand)
 W - an uncursed ring of protection from fire
 Z - an uncursed ring of ice {unknown}
Wands
 I - a wand of paralysis (8)
 P - a wand of flame (23)
Scrolls
 c - 2 scrolls of fog {unknown}
 g - 3 scrolls of remove curse
 j - 4 scrolls of enchant armour {unknown}
 n - 3 scrolls of magic mapping
 o - a scroll of immolation {unknown}
 r - 2 scrolls of enchant weapon {unknown}
 y - a scroll of amnesia {unknown}
 K - 4 scrolls of teleportation {unknown}
 T - a scroll of blinking {unknown}
Potions
 m - a potion of mutation {unknown}
 p - 2 potions of degeneration
 w - a potion of might
 x - a potion of resistance {unknown}
 z - a potion of agility {unknown}
 A - 3 potions of lignification
 C - 2 potions of invisibility {unknown}
 D - 2 potions of curing {unknown}
 E - 2 potions of magic {unknown}
 H - a potion of berserk rage {unknown}
 M - a potion of flight {unknown}
Comestibles
 d - 14 rations
 v - 2 chunks of flesh


   Skills:
 + Level 6.5 Fighting
 + Level 4.5 Short Blades
 + Level 6.5 Long Blades
 + Level 4.5 Axes
 + Level 4.5 Maces & Flails
 + Level 4.5 Polearms
 + Level 4.5 Staves
 + Level 4.5 Slings
 + Level 4.5 Bows
 + Level 4.5 Crossbows
 + Level 4.5 Throwing
 + Level 5.2 Armour
 + Level 6.5 Dodging
 + Level 4.5 Stealth
 + Level 4.5 Shields
 + Level 4.5 Unarmed Combat
 + Level 6.8 Spellcasting
 + Level 3.7 Conjurations
 + Level 3.7 Hexes
 + Level 6.7 Charms
 + Level 3.7 Summonings
 + Level 3.7 Necromancy
 + Level 3.7 Translocations
 + Level 3.7 Transmutations
 + Level 3.7 Fire Magic
 + Level 3.7 Ice Magic
 + Level 3.7 Air Magic
 + Level 3.7 Earth Magic
 + Level 3.7 Poison Magic
 + Level 5.0 Invocations
 + Level 4.5 Evocations


You had 6 spell levels left.
You knew the following spells:

 Your Spells              Type           Power        Failure   Level  Hunger
a - Infusion              Chrm           ####         1%          1    None
b - Song of Slaying       Chrm           ####....     3%          2    None
c - Shroud of Golubria    Chrm/Tloc      ###.......   5%          2    None
d - Regeneration          Chrm/Necr      ###.......   11%         3    ##.....
e - Spectral Weapon       Hex/Chrm       ###.....     11%         3    ##.....
f - Iskenderun's Mystic   Conj           ###.....     54%         4    ####...

Your spell library contained the following spells:

 Spells                   Type           Power        Failure   Level  Hunger
 Magic Dart               Conj           ###.         6%          1    None
 Searing Ray              Conj           ###...       10%         2    None
 Dazzling Spray           Conj/Hex       ###...       19%         3    ##.....
 Force Lance              Conj/Tloc      ###.....     54%         4    ####...
 Fulminant Prism          Conj/Hex       ###.......   54%         4    ####...


Dungeon Overview and Level Annotations

Branches:
Dungeon (8/15)             Temple (1/1) D:7
   Lair: D:8-11

Altars:
Ashenzari
Cheibriados
Dithmenos
Elyvilon
Fedhas
Gozag
Hepliaklqana
Kikubaaqudgha
Makhleb
Ru
Sif Muna
Trog
Uskayaw
Vehumet
Wu Jian
Xom
Yredelemnul
Zin
The Shining One


Innate Abilities, Weirdness & Mutations

Your experience applies equally to all skills.
You have very sharp teeth.
Your uncanny sense of smell can sniff out nearby items.


Message History

Aiming: Iskenderun's Mystic Blast (quite dangerous; 43% risk of failure)
Press: ? - help, Shift-Dir - straight line, f - orc warrior
Aim: an orc warrior, wielding a +0 halberd and wearing a +0 plate armour You miscast Iskenderun's Mystic Blast.
You are caught in a violent explosion!
The explosion engulfs you!
Unknown command.
Casting: Iskenderun's Mystic Blast (quite dangerous; 43% risk of failure)
Confirm with . or Enter, or press ? or * to list all spells.
Your skin crawls.
The orc warrior hits you from afar with a +0 halberd!!
* * * LOW HITPOINT WARNING * * *
Unknown command.
It was a potion of degeneration.
There was something very wrong with that liquid.
You feel weakened.
You feel dopey.
You feel clumsy.
A puff of flame appears from out of thin air!
The puff of flame hits you!
* * * LOW HITPOINT WARNING * * *
The orc warrior hits you from afar with a +0 halberd!!
You die...

.%#..# ####..#
#..# #..# #..#
..#####.{#
.......o.#
#.#####.## # #.#
#@# ##########.#
#.#
........##.#####.#
.......##...##...#
##.##.##.....##.##
##.##.#.......#.#
##.##....._.รท...#
...####.......###
#### ##.....##


You could see an orc warrior.

Vanquished Creatures
  Grinder (D:6)
  A hungry ghost (D:8)
  Menkaure (D:7)
  2 orc warriors
  2 ice beasts
  A phantom (D:7)
  2 black bears
  A necrophage (D:5)
  An ogre (D:4)
  3 centaurs
  A crocodile (Sewer)
  A bullfrog (D:7)
  A scorpion (D:4)
  A howler monkey (D:8)
  A vampire bat (D:4)
  Crazy Yiuf (D:6)
  2 orc priests
  4 hounds
  10 orc wizards
  A centaur skeleton (D:6)
  6 iguanas
  A bullfrog skeleton (D:6)
  Ijyb (D:3)
  7 worker ants
  A hound zombie (D:4)
  6 gnolls
  14 adders
  2 shadow imps
  2 oozes
  An adder zombie (D:7)
  2 adder skeletons
  A worm (D:5)
  2 dart slugs
  A leopard gecko (D:4)
  12 orcs
  A bat skeleton (D:4)
  4 bat zombies (D:4)
  3 giant cockroaches
  4 goblins
  3 hobgoblins
  5 quokkas
  2 ball pythons
  8 bats
  4 frilled lizards
  A jackal skeleton (D:4)
  5 kobolds
  4 rats
141 creatures vanquished.

Vanquished Creatures (others)
  A spectral weapon (D:6)
1 creature vanquished.

Grand Total: 142 creatures vanquished

Notes
Turn   | Place    | Note
-------+----------+-------------------------------------------
     0 | D:1      | Leeroy the Gnoll Skald began the quest for the Orb.
     0 | D:1      | Reached XP level 1. HP: 20/20 MP: 6/6
   249 | D:1      | Reached XP level 2. HP: 26/26 MP: 7/7
  1030 | D:2      | Reached skill level 5 in Spellcasting
  1030 | D:2      | Reached XP level 3. HP: 23/31 MP: 7/9
  1037 | D:2      | Found a shimmering altar of Xom.
  1043 | D:2      | Found a shattered altar of Ashenzari.
  1266 | D:2      | Reached skill level 1 in Invocations
  1452 | D:2      | Found a blossoming altar of Fedhas.
  1458 | D:2      | Reached skill level 1 in Short Blades
  1458 | D:2      | Reached skill level 1 in Axes
  1458 | D:2      | Reached skill level 1 in Maces & Flails
  1458 | D:2      | Reached skill level 1 in Polearms
  1458 | D:2      | Reached skill level 1 in Staves
  1458 | D:2      | Reached skill level 1 in Slings
  1458 | D:2      | Reached skill level 1 in Bows
  1458 | D:2      | Reached skill level 1 in Crossbows
  1458 | D:2      | Reached skill level 1 in Throwing
  1458 | D:2      | Reached skill level 1 in Stealth
  1458 | D:2      | Reached skill level 1 in Shields
  1458 | D:2      | Reached skill level 1 in Unarmed Combat
  1458 | D:2      | Reached skill level 1 in Evocations
  1632 | D:3      | Noticed a +0 hand axe
  1633 | D:3      | Noticed a +0 dagger
  1634 | D:3      | Found a hide-covered altar of Uskayaw.
  1742 | D:3      | Reached XP level 4. HP: 35/38 MP: 11/11
  1749 | D:3      | Learned a level 2 spell: Song of Slaying
  1752 | D:3      | Learned a level 2 spell: Shroud of Golubria
  1756 | D:3      | Learned a level 3 spell: Regeneration
  1760 | D:3      | Learned a level 3 spell: Spectral Weapon
  1922 | D:3      | Noticed Ijyb
  1922 | D:3      | Paralysed by Ijyb for 7 turns
  1939 | D:3      | Killed Ijyb
  1939 | D:3      | Reached skill level 1 in Conjurations
  1939 | D:3      | Reached skill level 1 in Hexes
  1939 | D:3      | Reached skill level 1 in Summonings
  1939 | D:3      | Reached skill level 1 in Necromancy
  1939 | D:3      | Reached skill level 1 in Translocations
  1939 | D:3      | Reached skill level 1 in Transmutations
  1939 | D:3      | Reached skill level 1 in Fire Magic
  1939 | D:3      | Reached skill level 1 in Ice Magic
  1939 | D:3      | Reached skill level 1 in Air Magic
  1939 | D:3      | Reached skill level 1 in Earth Magic
  1939 | D:3      | Reached skill level 1 in Poison Magic
  1965 | D:3      | Reached XP level 5. HP: 22/43 MP: 12/12
  2341 | D:4      | Noticed an ogre
  2358 | D:4      | Killed an ogre
  2358 | D:4      | Reached XP level 6. HP: 42/50 MP: 9/13
  2550 | D:4      | HP: 1/50 [iguana (10)]
  2556 | D:4      | Reached skill level 5 in Fighting
  2556 | D:4      | Reached skill level 5 in Long Blades
  2556 | D:4      | Reached skill level 5 in Dodging
  2590 | D:4      | Found a glowing drain.
  2602 | Sewer    | Entered a sewer
  2928 | D:4      | Reached XP level 7. HP: 22/56 MP: 11/15
  3088 | D:4      | Found an ancient bone altar of Kikubaaqudgha.
  3251 | D:5      | Entered Level 5 of the Dungeon
  4021 | D:6      | Reached XP level 8. HP: 39/61 MP: 7/16
  4696 | D:6      | Noticed Grinder
  4734 | D:6      | Paralysed by Grinder for 7 turns
  4745 | D:6      | Paralysed by Grinder for 4 turns
  4751 | D:6      | Killed Grinder
  5261 | D:6      | Found a runed door.
  5265 | D:6      | Noticed Crazy Yiuf
  5269 | D:6      | Paralysed by Crazy Yiuf for 4 turns
  5276 | D:6      | Killed Crazy Yiuf
  5336 | D:7      | Noticed Menkaure
  5347 | D:7      | Killed Menkaure
  5347 | D:7      | Reached XP level 9. HP: 65/67 MP: 14/18
  6048 | D:7      | Found a snail-covered altar of Cheibriados.
  6099 | D:7      | Learned a level 4 spell: Iskenderun's Mystic Blast
  6180 | D:7      | Found a staircase to the Ecumenical Temple.
  6189 | Temple   | Entered the Ecumenical Temple
  6280 | Temple   | Became a worshipper of Vehumet
  6486 | D:7      | Reached skill level 5 in Armour
  6857 | D:8      | Noticed a hornet
  6922 | D:8      | Found a deep blue altar of Sif Muna.
  7014 | D:8      | Found a shadowy altar of Dithmenos.
  7032 | D:8      | Reached skill level 5 in Invocations
  7081 | D:8      | Mangled by an orc warrior

Vault maps used:
D:1:      erik_arrival_blinker_ship, kennysheep_decorative_pillar
D:2:      grunt_temple_overflow_open, fedhas_altar_4
D:3:      dancing_weapons_uskayaw, uniq_ijyb
D:4:      kennysheep_vampire_church, portal_sewer_entry_d
D:5:      first_ration
D:6:      uniq_grinder, uniq_crazy_yiuf_cottage
D:7:      old_standard_altar, minmay_temple_entry_sparse_star, uniq_menkaure
D:8:      lemuel_round_altar, basic_altar
Temple:   minmay_temple_bridge_abc
Sewer:    sewer_big_baddie

Skill      XL: |  1  2  3  4  5  6  7  8  9 |
---------------+----------------------------+-----
Spellcasting   | 5 6 |  6.8
Invocations    | 1 2 3 4 5 |  5.0
Short Blades   | 1 2 3 4 |  4.5
Axes           | 1 2 3 4 |  4.5
Maces & Flails | 1 2 3 4 |  4.5
Polearms       | 1 2 3 4 |  4.5
Staves         | 1 2 3 4 |  4.5
Slings         | 1 2 3 4 |  4.5
Bows           | 1 2 3 4 |  4.5
Crossbows      | 1 2 3 4 |  4.5
Throwing       | 1 2 3 4 |  4.5
Stealth        | 1 2 3 4 |  4.5
Shields        | 1 2 3 4 |  4.5
Unarmed Combat | 1 2 3 4 |  4.5
Evocations     | 1 2 3 4 |  4.5
Conjurations   | 1 2 3 |  3.7
Hexes          | 1 2 3 |  3.7
Summonings     | 1 2 3 |  3.7
Necromancy     | 1 2 3 |  3.7
Translocations | 1 2 3 |  3.7
Transmutations | 1 2 3 |  3.7
Fire Magic     | 1 2 3 |  3.7
Ice Magic      | 1 2 3 |  3.7
Air Magic      | 1 2 3 |  3.7
Earth Magic    | 1 2 3 |  3.7
Poison Magic   | 1 2 3 |  3.7
Armour         | 3 4 5 |  5.2
Fighting       | 5 6 |  6.5
Long Blades    | 5 6 |  6.5
Dodging        | 5 6 |  6.5
Charms         | 6 |  6.7

Action                   |  1- 3 |  4- 6 |  7- 9 || total
-------------------------+-------+-------+-------++-------
Melee: Falchion          |    73 |   116 |   442 ||   631
       Bite              |    16 |    23 |    90 ||   129
       Hand axe          |       |    16 |    12 ||    28
       Punch             |       |     1 |    10 ||    11
       Dagger            |       |       |    27 ||    27
Throw: Stone             |       |     6 |    10 ||    16
       Tomahawk          |       |       |     7 ||     7
 Cast: Spectral Weapon   |       |     2 |     7 ||     9
       Regeneration      |       |     2 |    12 ||    14
       Shroud of Golubri |       |     2 |     4 ||     6
       Infusion          |       |     1 |     4 ||     5
       Iskenderun's Myst |       |       |     6 ||     6
  Use: Scroll            |     2 |     4 |     7 ||    13
       Potion            |       |     4 |     5 ||     9
 Stab: Sleeping          |     2 |     1 |     5 ||     8
       Distracted        |       |       |     2 ||     2
  Eat: Chunk             |     2 |     5 |    15 ||    22
       Ration            |       |       |     1 ||     1
Armor: Leather armour    |    11 |    20 |       ||    31
       Ring mail         |       |     4 |   166 ||   170
       Skin              |       |       |     2 ||     2
Dodge: Dodged            |    63 |   112 |   396 ||   571
Block: Shield            |       |       |    49 ||    49
       Rpst.: Falchion   |    18 |    27 |   103 ||   148

Table legend:
 A = Non-vault XP
 B = Vault XP
 C = Vault XP percentage of total XP
 D = Non-vault monster count
 E = Vault monster count
 F = Vault count percentage of total count
                 A         B        C        D         E       F
            +---------+---------+-------+---------+---------+-------
      Total |    3486 |     705 |  16.8 |     124 |      17 |  12.1
            +---------+---------+-------+---------+---------+-------
        D:1 |      15 |       0 |   0.0 |       9 |       0 |   0.0
        D:2 |      65 |       0 |   0.0 |      13 |       0 |   0.0
        D:3 |      66 |      35 |  34.7 |      11 |       1 |   8.3
        D:4 |     376 |      73 |  16.3 |      14 |       7 |  33.3
        D:5 |     445 |       0 |   0.0 |      17 |       0 |   0.0
        D:6 |     930 |     309 |  24.9 |      24 |       2 |   7.7
        D:7 |     881 |     172 |  16.3 |      22 |       1 |   4.3
        D:8 |     708 |       0 |   0.0 |      14 |       0 |   0.0
      Sewer |       0 |     116 | 100.0 |       0 |       6 | 100.0
            +---------+---------+-------+---------+---------+-------
